 Dungeon Crawl Stone Soup version 0.31.0-1-g2c135a008e (webtiles) character file.

Game seed: 1363508507467346666

35 Descartes the Shield-Bearer (level 3, -4/30 HPs)
             Began as a Formicid Fighter on Jan 20, 2024.
             Slain by a gnoll
             ... wielding a +0 flail
              (7 damage)
             ... on level 2 of the Dungeon.
             The game lasted 00:01:42 (850 turns).

Descartes the Shield-Bearer (Formicid Fighter)       Turns: 850, Time: 00:01:43

Health: -4/30      AC:  8    Str: 22    XL:     3   Next: 52%
Magic:  3/3        EV:  8    Int:  7    God:
Gold:   25         SH:  9    Dex: 13    Spells: 2/2 levels left

rFire   . . .        i - +1 mace (heavy)
rCold   . . .        j - +0 kite shield
rNeg    . . .        b - +0 scale mail
rPois   .            (helmet unavailable)
rElec   .            (no cloak)
rCorr   .            k - +0 pair of gloves
SInv    +            (no boots)
Will    .....        (no amulet) Stlth
                     (no ring)
HPRegen 0.25/turn    (no ring)
MPRegen 0.08/turn

%: no passive effects
@: no status effects
A: permanent stasis, dig shafts and tunnels, antennae 3, four strong arms
a: Dig, Shaft Self


You were on level 2 of the Dungeon.
You visited 1 branch of the dungeon, and saw 2 of its levels.

You collected 25 gold pieces.

Inventory:

Hand Weapons
 a - a +0 war axe
 i - a +1 heavy mace (weapon)
Armour
 b - a +0 scale mail (worn)
 j - a +0 kite shield (worn)
 k - a +0 pair of gloves (worn)
Scrolls
 f - 3 scrolls of teleportation {unknown}
 h - a scroll of summoning {unknown}
Potions
 d - a potion of might
 e - a potion of mutation {unknown}
 g - a potion of lignification {unknown}


   Skills:
 + Level 3.7 Fighting
 + Level 2.5 Axes
 + Level 0.0(1.4) Maces & Flails
 + Level 3.7 Armour
 + Level 4.5 Shields


You had 2 spell levels left.
You didn't know any spells.
Your spell library was empty.

Dungeon Overview and Level Annotations

Branches:
Dungeon (2/15)

Altars:


Innate Abilities, Weirdness & Mutations

You cannot be hasted, slowed, berserked, paralysed or teleported.
You can dig through walls and to a lower floor.
You have a pair of large antennae on your head. (SInv)
Your four strong arms can wield two-handed weapons with a shield.


Message History

There are monsters nearby!
Found a scroll labelled PEGO LUYCIOTEG.
A gnoll comes into view. It is wielding a +0 whip.
A kobold comes into view. It is wielding a +0 dagger.
Found 3 stones.
The kobold shouts!
You block the gnoll's attack. The gnoll closely misses you.
You hit the gnoll.
The gnoll is moderately wounded.
The gnoll hits you with a +0 halberd! You block the gnoll's attack.
The gnoll barely misses you. The gnoll hits you with a +0 halberd.
You are too injured to fight recklessly!
You are too injured to fight recklessly!
You are too injured to fight recklessly!
You are too injured to fight recklessly!
You are too injured to fight recklessly!
You are too injured to fight recklessly!
You are too injured to fight recklessly!
You are too injured to fight recklessly!
You are too injured to fight recklessly!
You are too injured to fight recklessly!
You are too injured to fight recklessly!
You are too injured to fight recklessly!
You are too injured to fight recklessly!
You are too injured to fight recklessly!
You are too injured to fight recklessly!
You are too injured to fight recklessly!
You are too injured to fight recklessly!
You are too injured to fight recklessly!
Unknown command.
The gnoll attacks as it pursues you! The gnoll hits you with a +0 flail.
* * * LOW HITPOINT WARNING * * *
The gnoll hits you from afar with a +0 halberd.
* * * LOW HITPOINT WARNING * * *
You barely miss the gnoll.
The gnoll is moderately wounded.
You block the gnoll's attack. The gnoll hits you with a +0 flail.
* * * LOW HITPOINT WARNING * * *
You block the gnoll's attack. The gnoll hits you with a +0 flail!
You die...

##### # #...# # #...# #
#...# # # #..)# #
#.#######...############
........................'
...#.###@################
.......#g#### #
......?.g...# #
##...{.K..#.# #
#.#..#.#.# # # #..#.#.# {
... #.#.# #.#. ..... #.#
#.##+


You could see 2 gnolls and a kobold.

Vanquished Creatures
  Robin (D:2)
  A ball python (D:1)
  2 bats (D:1)
  An endoplasm (D:1)
  2 giant cockroaches (D:1)
  4 goblins (D:2)
  3 hobgoblins
  2 frilled lizards (D:1)
  2 kobolds (D:1)
  3 rats (D:1)
21 creatures vanquished.

Notes
Turn   | Place    | Note
-------+----------+-------------------------------------------
     0 | D:1      | Descartes the Formicid Fighter began the quest for the Orb.
     0 | D:1      | Reached XP level 1. HP: 18/18 MP: 1/1
    46 | D:1      | Found a faded altar of an unknown god.
   296 | D:1      | Reached XP level 2. HP: 24/24 MP: 2/2
   725 | D:2      | Noticed Robin
   734 | D:2      | Reached XP level 3. HP: 17/29 MP: 3/3
   736 | D:2      | Killed Robin
   850 | D:2      | Slain by a gnoll

Illustrated notes

Levels and vault maps discovered:
D:1:      tarquinn_simple_flora_water_f, layout_basic,
          shapermc_ecumenical_altar_gd, chequers_serial_rivers_room_b
D:2:      layout_basic, minmay_misc_feat_doors, uniq_robin, uniq_terence

Action                     || total
---------------------------++-------
  Melee: War axe           ||    58
         Mace              ||     2
 Armour: Scale mail        ||    30
  Dodge: Dodged            ||    31
  Block: Buckler           ||    16
         Kite shield       ||     4
